[Event "Early Titled Tuesday Blitz | February 8 2022"]
[White "Visakh N R"]
[Black "Deac, Bogdan-Daniel"]
[WhiteFideId "25012223"]
[BlackFideId "1226380"]
[WhiteElo "2454"]
[BlackElo "2646"]
[Result "0-1"]
[Round "08"]
[TimeControl "180+1"]
[Date "2022.02.08"]
[WhiteClock "0:00:04"]
[BlackClock "0:00:06"]

1. e4 c5 2. Nf3 d6 3. Bb5+ Nd7 4. O-O Nf6 5. Re1 a6 6. Bxd7+ Bxd7 7. e5 dxe5 8. Nxe5 g6 9. d4 cxd4 10. Qxd4 Bg7 11. Nxd7 Qxd7 12. Be3 Qc6 13. Nc3 O-O 14. Rad1 Rac8 15. Qb4 Rfe8 16. a4 e6 17. Bd4 Red8 18. h3 Rd7 19. Qb6 Rd6 20. Qxc6 Rdxc6 21. Be5 Rb6 22. g4 h5 23. g5 Nh7 24. Bxg7 Kxg7 25. Ne4 Rxb2 26. Rd7 Rcxc2 27. Re3 Nxg5 28. Nxg5 Rxf2 29. h4 Rg2+ 30. Kf1 Rbf2+ 31. Ke1 Kg8 32. Rd8+ Kg7 33. Rd7 b5 34. axb5 axb5 35. Rxe6 b4 36. Ree7 b3 37. Rxf7+ Rxf7 38. Rxf7+ Kg8 39. Rb7 b2 40. Kd1 Rh2 41. Ne4 Rxh4 42. Nf6+ Kf8 43. Rxb2 Rh1+ 44. Kc2 Rh2+ 45. Kc3 Rxb2 46. Kxb2 Kf7 47. Ne4 Ke6 48. Kc3 Kf5 49. Kd3 Kf4 50. Nd6 Kf3 51. Nf7 Kg3 52. Ne5 h4 53. Ke2 h3 54. Nf3 h2 55. Nxh2 Kxh2 0-1


[Site "https://www.chess.com"]

[Event "Early Titled Tuesday Blitz | February 8 2022"]
[White "Vivas Zamora, Fabian Ernesto"]
[Black "Mirzanurov, Bulat"]
[WhiteFideId "3902480"]
[BlackFideId "4184521"]
[WhiteElo "1966"]
[BlackElo "2116"]
[Result "0-1"]
[Round "08"]
[TimeControl "180+1"]
[Date "2022.02.08"]
[WhiteClock "0:00:07"]
[BlackClock "0:00:37"]

1. c4 e5 2. Nc3 Nf6 3. Nf3 Nc6 4. e4 Bc5 5. Nxe5 Bd4 6. Nf3 Bxc3 7. dxc3 Nxe4 8. Bd3 Nf6 9. O-O O-O 10. Bg5 h6 11. Bh4 d6 12. Bc2 Re8 13. Qd3 g6 14. Nd4 Ne5 15. Qg3 Kg7 16. b3 c5 17. f4 Neg4 18. Nf3 Qc7 19. Rfe1 Nh5 20. Qh3 Rxe1+ 21. Rxe1 Ne3 22. Qg3 Nxg3 0-1


[Site "https://www.chess.com"]

[Event "Early Titled Tuesday Blitz | February 8 2022"]
[White "Vlassov, Nikolai"]
[Black "Redzisz, Michal"]
[WhiteFideId "4103360"]
[BlackFideId "21816107"]
[WhiteElo "2407"]
[BlackElo "1961"]
[Result "1-0"]
[Round "08"]
[TimeControl "180+1"]
[Date "2022.02.08"]
[WhiteClock "0:00:17"]
[BlackClock "0:00:06"]

1. e4 c5 2. c3 d5 3. exd5 Qxd5 4. d4 Nc6 5. Nf3 Bf5 6. Be3 Nf6 7. dxc5 Qxd1+ 8. Kxd1 Nd5 9. Bb5 Nxe3+ 10. fxe3 O-O-O+ 11. Ke2 e6 12. Bxc6 bxc6 13. Ne5 Bxc5 14. b4 Rd5 15. Nxc6 Bg4+ 16. Kf2 Rf5+ 17. Kg3 Bd6+ 18. Kxg4 h5+ 19. Kh3 g5 20. Nd2 Kc7 21. Rhf1 Kxc6 22. Rxf5 exf5 23. g3 Re8 24. Nc4 Kd5 25. Nxd6 Kxd6 26. Rf1 Rxe3 27. Rxf5 g4+ 28. Kh4 Re2 29. Kxh5 Rxh2+ 30. Kxg4 Rxa2 31. Rxf7 Rc2 32. Rf3 Kd5 33. Kf5 Re2 34. g4 Re5+ 35. Kf6 Re6+ 36. Kf7 Ke5 37. g5 Rb6 38. g6 Rb7+ 39. Kg8 Ke6 40. g7 Rb5 41. Kh7 Rh5+ 42. Kg6 Rh8 43. gxh8=Q 1-0


[Site "https://www.chess.com"]

[Event "Early Titled Tuesday Blitz | February 8 2022"]
[White "Vokhidov, Shamsiddin"]
[Black "Khripachenko, Alexander"]
[WhiteFideId "14204223"]
[BlackFideId "54184975"]
[WhiteElo "2611"]
[BlackElo "2177"]
[Result "0-1"]
[Round "08"]
[TimeControl "180+1"]
[Date "2022.02.08"]
[WhiteClock "0:00:05"]
[BlackClock "0:00:11"]

1. e4 c5 2. Nf3 Nf6 3. e5 Nd5 4. Nc3 e6 5. Ne4 Nc6 6. c4 Nb6 7. b3 d5 8. exd6 Bxd6 9. Bb2 O-O 10. Be2 e5 11. O-O Bf5 12. d3 Re8 13. Nfd2 Bf8 14. Re1 Bg6 15. Nf1 Qd7 16. Ba3 Nb4 17. Bxb4 cxb4 18. Qc1 Rad8 19. Qe3 Qc7 20. Qh3 f5 21. Neg3 Qf7 22. Rad1 Bc5 23. Bh5 Nd7 24. Qh4 Be7 25. Qh3 Bc5 26. Nd2 Nf6 27. Bxg6 hxg6 28. Nf3 Ng4 29. Rf1 Qf6 30. Ne2 e4 31. Ne1 exd3 32. Nxd3 Rxe2 33. Qf3 Rxf2 34. Nxf2 Nxf2 35. Rxd8+ Qxd8 36. Rxf2 Qd4 37. g3 b6 38. Kg2 Qxf2+ 39. Qxf2 Bxf2 40. Kxf2 Kf7 41. Ke3 Ke6 42. Kd4 g5 43. c5 bxc5+ 44. Kxc5 a5 45. Kd4 Kd6 46. h3 g6 47. Kd3 Kd5 48. Ke3 Ke5 49. Kd3 f4 50. Ke2 Ke4 51. Kf2 Kd3 52. Kf3 fxg3 53. Kxg3 Kc3 54. Kg4 Kb2 55. Kxg5 Kxa2 56. Kxg6 a4 57. bxa4 b3 58. h4 b2 59. h5 b1=Q+ 60. Kg7 Qg1+ 61. Kf6 Qd4+ 62. Kg6 Qxa4 63. h6 Qe8+ 64. Kg7 Qe7+ 65. Kh8 Qf6+ 66. Kh7 Qg5 67. Kh8 Qxh6+ 0-1


[Site "https://www.chess.com"]

[Event "Early Titled Tuesday Blitz | February 8 2022"]
[White "Volkov, Maksim"]
[Black "Shevtchenko, Olesya"]
[WhiteFideId "54123070"]
[BlackFideId "24131890"]
[WhiteElo "2081"]
[BlackElo "2003"]
[Result "1-0"]
[Round "08"]
[TimeControl "180+1"]
[Date "2022.02.08"]
[WhiteClock "0:00:17"]
[BlackClock "0:00:14"]

1. d4 d5 2. c4 e6 3. Nf3 Nf6 4. g3 Be7 5. Bg2 O-O 6. O-O dxc4 7. Ne5 Nc6 8. Bxc6 bxc6 9. Nxc6 Qe8 10. Nxe7+ Qxe7 11. Qa4 e5 12. Qxc4 exd4 13. Bf4 c5 14. Rc1 a5 15. Qxc5 Qxe2 16. Qxd4 Bb7 17. Qe3 Qh5 18. Qb3 Ng4 19. h4 Bd5 20. Qa3 g5 21. Bxg5 Ne5 22. Nd2 Rfc8 23. Re1 Re8 24. Re3 h6 25. Rae1 hxg5 26. Rxe5 f6 27. Rxe8+ Rxe8 28. Rxe8+ Qxe8 29. Qe3 Qxe3 30. fxe3 gxh4 31. gxh4 Bxa2 32. b3 Kh7 33. Kf2 Kg6 34. Kg3 Kh5 35. Kh3 f5 36. Kg3 Kg6 37. Kf4 Kf6 38. h5 1-0


[Site "https://www.chess.com"]

[Event "Early Titled Tuesday Blitz | February 8 2022"]
[White "Vusatiuk, Vladimir"]
[Black "Perez Gormaz, Matias"]
[WhiteFideId "14118610"]
[BlackFideId "3406342"]
[WhiteElo "2157"]
[BlackElo "2352"]
[Result "1/2-1/2"]
[Round "08"]
[TimeControl "180+1"]
[Date "2022.02.08"]
[WhiteClock "0:00:12"]
[BlackClock "0:00:04"]

1. d4 d5 2. e4 dxe4 3. f3 Nf6 4. Nc3 Bf5 5. g4 Bg6 6. h4 h5 7. g5 Nd5 8. Nxe4 e5 9. dxe5 Nc6 10. Bb5 Nb4 11. c3 Qxd1+ 12. Kxd1 O-O-O+ 13. Bd2 a6 14. Ba4 Nd3 15. Bxc6 bxc6 16. Kc2 Nxe5 17. Re1 Nd3 18. Re2 Bc5 19. Nh3 Ne5 20. Nf4 Bf5 21. Kb3 Bb6 22. Ng3 Nxf3 23. Nxf5 Nxd2+ 24. Kc2 Nc4 25. Nxg7 Rhg8 26. Nfxh5 Ne3+ 27. Kb3 Rd5 28. a4 Re5 29. Rhe1 Rh8 30. Nf6 Rxh4 31. a5 Rxa5 32. Rxe3 Rb5+ 33. Ka2 Bxe3 34. Rxe3 Rh2 35. Re8+ Kb7 36. Ka3 Rhxb2 37. Re4 Rb1 38. Rb4 R1xb4 39. cxb4 Rxg5 40. Nge8 Re5 41. Ng7 a5 42. bxa5 Rxa5+ 43. Kb4 Re5 44. Nd7 Re4+ 45. Kc3 Rg4 46. Nf5 Rf4 47. Nd4 Rh4 48. Kc4 Kc8 49. Nc5 Rh1 50. Kd3 Rh6 51. Ke4 Kb8 52. Nf5 Rh1 53. Ke5 Rd1 54. Nd4 Kc8 55. Nxc6 Rc1 56. Kd5 Rd1+ 57. Ke5 Rc1 58. Kd5 f5 59. Ne7+ Kb8 60. Nxf5 Ka7 61. Kc6 Kb8 62. Ne7 Ka7 63. Nd5 Rh1 64. Nxc7 Rh7 65. Nb5+ Kb8 66. Na6+ Kc8 67. Nd6+ Kd8 68. Nc5 Rh6 69. Nb7+ Ke7 70. Kc7 Rxd6 71. Nxd6 1/2-1/2


[Site "https://www.chess.com"]

[Event "Early Titled Tuesday Blitz | February 8 2022"]
[White "Wagner, Dennis"]
[Black "Howell, David W L"]
[WhiteFideId "24650684"]
[BlackFideId "410608"]
[WhiteElo "2355"]
[BlackElo "2559"]
[Result "0-1"]
[Round "08"]
[TimeControl "180+1"]
[Date "2022.02.08"]
[WhiteClock "0:00:03"]
[BlackClock "0:00:16"]

1. d4 f5 2. c4 Nf6 3. Nf3 g6 4. Nc3 Bg7 5. b4 O-O 6. e3 d6 7. Be2 e5 8. dxe5 dxe5 9. Qb3 e4 10. c5+ Kh8 11. Nd4 Nc6 12. Nxc6 bxc6 13. Bb2 a6 14. Rd1 Qe7 15. O-O a5 16. a3 axb4 17. axb4 Rb8 18. Bc4 Ng4 19. Ne2 Bxb2 20. Qxb2+ Qe5 21. Rb1 Qxb2 22. Rxb2 Ne5 23. Rc1 Ra8 24. h4 Kg7 25. Nd4 Kf6 26. Be2 Ba6 27. Bxa6 Rxa6 28. Rcc2 Ra1+ 29. Kh2 Rb8 30. Kg3 h6 31. f3 Nd3 32. Nxc6 Rba8 33. Rb3 Re1 34. b5 Rxe3 35. b6 cxb6 36. cxb6 Ra1 37. b7 f4+ 38. Kh2 Ree1 39. g4 Rh1+ 40. Kg2 Rag1# 0-1


[Site "https://www.chess.com"]

[Event "Early Titled Tuesday Blitz | February 8 2022"]
[White "Weetik, Vjacheslav"]
[Black "Coto Mederos, Michel"]
[WhiteFideId "4153472"]
[BlackFideId "3508528"]
[WhiteElo "2469"]
[BlackElo "2427"]
[Result "1-0"]
[Round "08"]
[TimeControl "180+1"]
[Date "2022.02.08"]
[WhiteClock "0:00:04"]
[BlackClock "0:00:14"]

1. e4 e5 2. Nf3 Nc6 3. d4 exd4 4. Nxd4 Nf6 5. Nxc6 bxc6 6. e5 Qe7 7. Qe2 Nd5 8. c4 Ba6 9. b3 g5 10. g3 Bg7 11. Bb2 O-O 12. Bg2 Rfe8 13. O-O Bxe5 14. Qxe5 Qxe5 15. Bxe5 Rxe5 16. cxd5 Bxf1 17. Kxf1 cxd5 18. Nc3 c6 19. Bf3 Rae8 20. Rd1 Kg7 21. Na4 R8e7 22. Nc5 f5 23. h3 h6 24. Nd3 R5e6 25. Bh5 Re4 26. Rc1 Rd4 27. Rc3 Kf6 28. Bf3 d6 29. b4 Rc4 30. Rb3 d4 31. g4 Rc2 32. Ra3 fxg4 33. hxg4 c5 34. bxc5 dxc5 35. Ra6+ Re6 36. Rxa7 c4 37. Nc5 Rc1+ 38. Kg2 Ree1 39. Ra6+ Ke7 40. Ra7+ Kd6 41. Ne4+ Ke6 42. Ra6+ Ke5 43. Ng3 d3 44. Ra5+ Kd4 45. Rd5+ Kc3 46. Ne4+ Kb2 47. Rb5+ Kxa2 48. Nc5 d2 49. Ra5+ Kb2 50. Rb5+ Kc3 51. Na4+ Kd4 52. Rd5# 1-0


[Site "https://www.chess.com"]

[Event "Early Titled Tuesday Blitz | February 8 2022"]
[White "Williams, Simon K"]
[Black "Bambino Filho, Antonio Carlos"]
[WhiteFideId "404454"]
[BlackFideId "2113163"]
[WhiteElo "2468"]
[BlackElo "2460"]
[Result "1-0"]
[Round "08"]
[TimeControl "180+1"]
[Date "2022.02.08"]
[WhiteClock "0:00:39"]
[BlackClock "0:00:02"]

1. e4 c5 2. Be2 d6 3. d3 g6 4. f4 Bg7 5. Nf3 Nc6 6. O-O e6 7. c3 Nge7 8. Be3 O-O 9. d4 cxd4 10. cxd4 Qb6 11. Nc3 Qxb2 12. Nb5 Rd8 13. a3 a6 14. Rb1 Qa2 15. Nc7 Rb8 16. Qd3 d5 17. e5 Nf5 18. Nd2 Nxe3 19. Qxe3 Bf8 20. Rb3 Bd7 21. f5 gxf5 22. Qg5+ Kh8 23. Rg3 Bh6 24. Qf6+ 1-0


[Site "https://www.chess.com"]

[Event "Early Titled Tuesday Blitz | February 8 2022"]
[White "Winkels, Marcel"]
[Black "Bauer, Thomas"]
[WhiteFideId "1003887"]
[BlackFideId "1639293"]
[WhiteElo "1900"]
[BlackElo "2220"]
[Result "0-1"]
[Round "08"]
[TimeControl "180+1"]
[Date "2022.02.08"]
[WhiteClock "0:00:05"]
[BlackClock "0:00:05"]

1. e4 c5 2. Nc3 e6 3. Nf3 a6 4. g3 Nc6 5. Bg2 d5 6. exd5 exd5 7. d4 Nf6 8. O-O Be7 9. Bg5 cxd4 10. Nxd4 O-O 11. Re1 Bg4 12. Qd2 h6 13. Be3 Ne5 14. f3 Bh5 15. b3 Rc8 16. Nce2 Bc5 17. Rf1 Re8 18. Nf4 Bg6 19. Nxg6 Nxg6 20. Nf5 Rxe3 21. Nxe3 Qb6 22. Rfe1 Re8 23. Kf2 Ne5 24. h3 d4 25. Nc4 d3+ 26. Kf1 Nxc4 27. Rxe8+ Nxe8 28. bxc4 Qf6 29. Re1 Nd6 30. cxd3 Qd4 31. Ke2 a5 32. Kd1 Qa1+ 33. Qc1 Qxa2 34. Bf1 Qa4+ 35. Qc2 Qa1+ 36. Kd2 Qd4 37. Re2 Bb4+ 38. Kc1 Ba3+ 39. Kb1 b5 40. Ka2 Bb4 41. Re4 Qc5 42. Be2 bxc4 43. dxc4 f5 44. Re7 Nb5 45. Re8+ Kf7 46. Rb8 Nc3+ 47. Kb2 a4 48. Kc1 Qe3+ 49. Qd2 Ba3+ 50. Kc2 Qxe2 51. Qxe2 Nxe2 52. Ra8 Bd6 53. Rxa4 Nd4+ 54. Kd3 Nxf3 55. Ra6 Ke7 56. Ra7+ Ke6 57. Ra6 Kd7 58. Ra7+ Bc7 59. c5 Kc6 60. Kc4 Ne5+ 61. Kd4 Nd7 62. Ra6+ Kb5 63. Rg6 Nxc5 64. Rxg7 Ne6+ 65. Kd5 Nxg7 0-1


[Site "https://www.chess.com"]

[Event "Early Titled Tuesday Blitz | February 8 2022"]
[White "Xie, Bryan"]
[Black "Dauner, Benedikt"]
[WhiteFideId "30941296"]
[BlackFideId "16225899"]
[WhiteElo "1899"]
[BlackElo "2230"]
[Result "0-1"]
[Round "08"]
[TimeControl "180+1"]
[Date "2022.02.08"]
[WhiteClock "0:00:31"]
[BlackClock "0:01:16"]

1. d4 a6 2. e4 e6 3. Nf3 d5 4. e5 c5 5. c3 Bd7 6. Be3 Bb5 7. Bxb5+ axb5 8. dxc5 Nd7 9. b4 Qc7 10. Bd4 Ne7 11. Qe2 Ng6 12. Qxb5 Nf4 13. O-O g5 14. Be3 Bg7 15. Nxg5 Bxe5 16. Nf3 Rg8 17. Nxe5 Rxg2+ 18. Kh1 Qxe5 19. Nd2 Rxh2+ 20. Kxh2 Qh5+ 21. Kg3 Qh3+ 22. Kxf4 e5+ 23. Kg5 h6# 0-1


[Site "https://www.chess.com"]

[Event "Early Titled Tuesday Blitz | February 8 2022"]
[White "Yanayt, Eugene"]
[Black "Shubenkova, Veronika"]
[WhiteFideId "2020165"]
[BlackFideId "44124040"]
[WhiteElo "2046"]
[BlackElo "1938"]
[Result "1-0"]
[Round "08"]
[TimeControl "180+1"]
[Date "2022.02.08"]
[WhiteClock "0:00:57"]
[BlackClock "0:01:34"]

1. d4 d5 2. c4 e6 3. Nf3 f5 4. g3 Nf6 5. Bg2 c6 6. O-O Bd6 7. Bf4 Bxf4 8. gxf4 O-O 9. Ne5 Nbd7 10. b4 Ne4 11. b5 Nxe5 12. fxe5 Qh4 13. a4 f4 14. Ra3 Rf5 15. Rh3 Qg5 16. f3 Qg6 17. fxe4 Rg5 18. Rf2 dxe4 19. Qf1 cxb5 20. Rxf4 Bd7 21. axb5 a6 22. Kh1 axb5 23. Bxe4 Bc6 24. d5 Qe8 25. Bxh7+ 1-0


[Site "https://www.chess.com"]

[Event "Early Titled Tuesday Blitz | February 8 2022"]
[White "Yonal, Timur"]
[Black "Bashirli, Saadat"]
[WhiteFideId "44115725"]
[BlackFideId "13429990"]
[WhiteElo "1762"]
[BlackElo "1173"]
[Result "0-1"]
[Round "08"]
[TimeControl "180+1"]
[Date "2022.02.08"]
[WhiteClock "0:00:02"]
[BlackClock "0:00:05"]

1. e4 c5 2. Nf3 g6 3. d4 cxd4 4. Nxd4 Nc6 5. Nc3 Bg7 6. Be3 Nf6 7. f3 d5 8. Bb5 Bd7 9. exd5 Nxd4 10. Bxd7+ Qxd7 11. Bxd4 O-O 12. O-O Rfd8 13. Re1 Kf8 14. Bc5 Re8 15. d6 e6 16. Qe2 a6 17. a4 Rac8 18. Bb4 Red8 19. a5 Ne8 20. Na4 Nxd6 21. Nb6 Bd4+ 22. Kh1 Bxb6 23. axb6 Kg8 24. Rad1 Qc6 25. Bc3 Nc4 26. b3 Nxb6 27. Bb2 Rxd1 28. Qxd1 Qd5 29. Qe2 Nd7 30. Rd1 Qc6 0-1


[Site "https://www.chess.com"]

[Event "Early Titled Tuesday Blitz | February 8 2022"]
[White "Yushko, Olga"]
[Black "Stankovic, Ivan G"]
[WhiteFideId "14114500"]
[BlackFideId "902837"]
[WhiteElo "2028"]
[BlackElo "2195"]
[Result "0-1"]
[Round "08"]
[TimeControl "180+1"]
[Date "2022.02.08"]
[WhiteClock "0:00:55"]
[BlackClock "0:01:13"]

1. d4 d5 2. c4 c6 3. cxd5 cxd5 4. Nc3 Nf6 5. Nf3 Nc6 6. Bf4 a6 7. e3 Bf5 8. Bd3 Bxd3 9. Qxd3 e6 10. O-O Be7 11. Rac1 O-O 12. Na4 Ne4 13. Nc5 Nxc5 14. dxc5 f6 15. a3 e5 16. Bg3 e4 17. Qe2 exf3 18. Qxf3 Qd7 19. Rfd1 Rad8 20. Bd6 Bxd6 21. Qxd5+ Qf7 22. cxd6 Qxd5 23. Rxd5 Rd7 24. b4 Rfd8 25. Rcd1 Kf7 26. f4 g6 27. g4 Na7 28. a4 Nc8 29. b5 Rxd6 30. Rxd6 Rxd6 31. Rc1 Ne7 32. Rc7 axb5 33. axb5 Rb6 34. Rc5 Ke6 35. e4 Kd6 36. Rc2 Rxb5 37. Rd2+ Ke6 38. Kf2 Rb4 39. Ke3 Rb3+ 40. Kf2 b5 41. Ra2 Nc6 42. Ra6 Kd7 43. Ra8 Rb2+ 44. Ke3 Rxh2 45. Rf8 Rh3+ 46. Kd2 Ke7 47. Rc8 Nd4 48. Rb8 g5 49. Rb7+ Kf8 50. Rb6 Kg7 51. Rb7+ Kf8 52. Rb6 Ke7 53. f5 Rg3 54. Rb7+ Kd6 55. Rxh7 Rxg4 56. Ke3 Nc2+ 57. Kd3 Nb4+ 58. Kd4 Nc6+ 59. Kd3 Ne5+ 60. Kd4 Rg3 0-1


[Site "https://www.chess.com"]

[Event "Early Titled Tuesday Blitz | February 8 2022"]
[White "Zaichenko, Daria"]
[Black "Alghamdi, Ahmed M"]
[WhiteFideId "4197453"]
[BlackFideId "21500150"]
[WhiteElo "2039"]
[BlackElo "2110"]
[Result "0-1"]
[Round "08"]
[TimeControl "180+1"]
[Date "2022.02.08"]
[WhiteClock "0:00:01"]
[BlackClock "0:00:16"]

1. e4 e5 2. Nf3 Nc6 3. Bc4 Nf6 4. d3 Be7 5. c3 d6 6. O-O O-O 7. Bb3 Kh8 8. Nbd2 Ng8 9. d4 f5 10. exf5 Bxf5 11. dxe5 dxe5 12. h3 e4 13. Nh2 Ne5 14. Qe2 Qd3 15. Re1 Bc5 16. Bxg8 Kxg8 17. Nb3 Bxf2+ 18. Qxf2 Bxh3 19. Qe3 Bf5 20. Bd2 Qd6 21. Rad1 Nd3 22. Rf1 Bg6 23. Nd4 Nxb2 24. Qg5 Nxd1 25. Rxd1 Rae8 26. Be3 c5 27. Ng4 cxd4 28. Rxd4 Qe7 29. Qd5+ Kh8 30. Bf4 Qh4 31. Ne5 Qxf4 32. Nxg6+ hxg6 33. Qd7 Qf2+ 34. Kh1 Qh4+ 35. Kg1 e3 36. Rxh4+ Kg8 37. Qd5+ Rf7 38. Rf4 Re7 39. Rxf7 Rxf7 40. Qe4 Re7 41. Qxe7 Kh7 42. Qxe3 a5 43. Qe4 a4 44. Qe5 a3 45. c4 b5 46. c5 b4 47. c6 b3 48. axb3 a2 49. c7 g5 50. Qa1 g4 0-1


[Site "https://www.chess.com"]

[Event "Early Titled Tuesday Blitz | February 8 2022"]
[White "Zanette, Edgard Vinicius"]
[Black "Vovk, Orest"]
[WhiteFideId "2109263"]
[BlackFideId "14113490"]
[WhiteElo "2182"]
[BlackElo "2203"]
[Result "0-1"]
[Round "08"]
[TimeControl "180+1"]
[Date "2022.02.08"]
[WhiteClock "0:00:07"]
[BlackClock "0:00:17"]

1. e4 g5 2. d4 h6 3. Nc3 Bg7 4. Be3 c5 5. Nge2 cxd4 6. Bxd4 Bxd4 7. Nxd4 Nc6 8. Nf5 d6 9. Ng7+ Kf8 10. Nh5 Qa5 11. Be2 Be6 12. Qd2 Ne5 13. O-O Rd8 14. Kh1 Ng6 15. f4 gxf4 16. Nxf4 Nxf4 17. Rxf4 Qg5 18. Rd1 Nf6 19. Rff1 Qxd2 20. Rxd2 Rc8 21. Bd3 Rg8 22. Nb5 Rg5 23. Nd4 Kg7 24. a3 Re5 25. Nf5+ Bxf5 26. exf5 d5 27. Kg1 Ne4 28. Bxe4 dxe4 29. Re2 Rd8 30. Rf4 e3 31. g4 Rd1+ 32. Kg2 Kf6 33. Rb4 b6 34. Rb3 h5 35. h3 hxg4 36. hxg4 Rd4 37. Kf3 Ree4 38. Rbxe3 Rf4+ 39. Kg2 Rxg4+ 40. Rg3 Rdf4 41. Rf2 Rxg3+ 42. Kxg3 Rxf2 43. Kxf2 Kxf5 44. Ke3 Ke5 45. c4 a5 46. b3 f5 47. b4 axb4 48. axb4 Kd6 49. Kf4 e6 50. Kg5 Ke7 51. c5 bxc5 52. bxc5 Kd7 53. Kf6 Kc6 54. Kxe6 f4 0-1


[Site "https://www.chess.com"]

[Event "Early Titled Tuesday Blitz | February 8 2022"]
[White "Zhigalko, Sergei"]
[Black "Quintiliano Pinto, Renato R."]
[WhiteFideId "13502956"]
[BlackFideId "2117568"]
[WhiteElo "2662"]
[BlackElo "2439"]
[Result "0-1"]
[Round "08"]
[TimeControl "180+1"]
[Date "2022.02.08"]
[WhiteClock "0:00:02"]
[BlackClock "0:00:42"]

1. e4 c5 2. Nf3 d6 3. d4 cxd4 4. Qxd4 a6 5. Bc4 Nc6 6. Qd3 Nf6 7. Nc3 g6 8. Bg5 Bg7 9. Bb3 O-O 10. O-O-O Bg4 11. h3 Bxf3 12. Qxf3 h6 13. Be3 Nd7 14. Kb1 Na5 15. Bd4 Ne5 16. Qg3 Nxb3 17. axb3 Nc6 18. Bxg7 Kxg7 19. f4 Nb4 20. e5 Qa5 21. exd6 exd6 22. Rxd6 Rac8 23. Rhd1 Rc7 24. Qe3 Rc5 25. Rd8 Rxd8 26. Rxd8 Qxd8 27. Qxc5 Nc6 28. Qe3 Qd6 29. Kc1 h5 30. Ne4 Qd5 31. Qc3+ Nd4 32. Qd3 Nxb3+ 33. Qxb3 Qxe4 34. Qc3+ Kg8 35. Qg3 h4 36. Qxh4 Qxg2 37. b3 Qg1+ 38. Kd2 Qd4+ 39. Ke2 b5 40. Qg3 a5 41. Qd3 Qc5 42. Qd2 a4 43. bxa4 bxa4 44. Qd8+ Kg7 45. Kd3 a3 46. Qa8 Qb4 47. Qa7 Qxf4 48. c3 Qd6+ 49. Kc2 Qh2+ 50. Kb3 Qb2+ 51. Kc4 Qa2+ 52. Kd4 Qd2+ 53. Kc4 a2 54. Kb3 Qd1+ 55. Kxa2 Qc2+ 56. Ka3 Qxc3+ 57. Ka4 Qa1+ 0-1


[Site "https://www.chess.com"]

[Event "Early Titled Tuesday Blitz | February 8 2022"]
[White "Zubov, Alexander"]
[Black "Potapova, Margarita"]
[WhiteFideId "14109409"]
[BlackFideId "14126869"]
[WhiteElo "2685"]
[BlackElo "2209"]
[Result "1-0"]
[Round "08"]
[TimeControl "180+1"]
[Date "2022.02.08"]
[WhiteClock "0:00:18"]
[BlackClock "0:00:08"]

1. d4 Nf6 2. c4 e6 3. Nc3 Bb4 4. e3 O-O 5. Ne2 d5 6. a3 Bd6 7. Ng3 c5 8. dxc5 Bxc5 9. b4 Be7 10. cxd5 Nxd5 11. Nxd5 Qxd5 12. Qxd5 exd5 13. Bb2 a5 14. b5 Be6 15. Nh5 f6 16. Be2 Nd7 17. Nf4 Bf7 18. Bf3 Nc5 19. Nxd5 Nd3+ 20. Ke2 Nxb2 21. Nxe7+ Kh8 22. Rhb1 Na4 23. Rc1 Rfe8 24. Rc7 Rad8 25. Bxb7 Nb6 26. Bc6 Bc4+ 27. Kf3 Rf8 28. Rc1 Be6 29. Ra7 Nc4 30. a4 Ne5+ 31. Kg3 Nd3 32. Rc3 Nb2 33. b6 Rb8 34. b7 Nc4 35. Rxc4 Bxc4 36. Rxa5 Rf7 37. Ra8 Rff8 38. Nc8 1-0


[Site "https://www.chess.com"]

[Event "Early Titled Tuesday Blitz | February 8 2022"]
[White "Agasarov, Benik"]
[Black "Wagner, Dennis"]
[WhiteFideId "13314823"]
[BlackFideId "24650684"]
[WhiteElo "2592"]
[BlackElo "2355"]
[Result "1-0"]
[Round "09"]
[TimeControl "180+1"]
[Date "2022.02.08"]
[WhiteClock "0:01:33"]
[BlackClock "0:00:07"]

1. d4 Nf6 2. c4 g6 3. Nc3 d5 4. cxd5 Nxd5 5. Na4 Bg7 6. e4 Nb6 7. Nf3 Bg4 8. Be3 Nc6 9. Bb5 O-O 10. Bxc6 bxc6 11. Nxb6 axb6 12. O-O Bxf3 13. gxf3 Qd7 14. f4 Qe6 15. Qf3 Rfd8 16. Rfd1 Rxa2 17. d5 Rxa1 18. dxe6 Rdxd1+ 19. Kg2 Rg1+ 20. Kh3 fxe6 21. e5 g5 22. fxg5 Bxe5 23. Qxc6 Bd6 24. Qe8+ Kg7 25. Bd4+ e5 26. Bxe5+ Bxe5 27. Qxe7+ Kg6 28. Qe6+ Kxg5 29. Qxe5+ Kh6 30. Qf4+ Rg5 31. Qf8+ Rg7 32. f4 Rg1 33. f5 Kh5 34. Qe8+ Kg5 35. Qe5 Rg4 36. Qxg7+ 1-0


[Site "https://www.chess.com"]

[Event "Early Titled Tuesday Blitz | February 8 2022"]
[White "Alavkin, Arseny"]
[Black "Guliyev, Namig"]
[WhiteFideId "4120612"]
[BlackFideId "13400363"]
[WhiteElo "2391"]
[BlackElo "2487"]
[Result "1/2-1/2"]
[Round "09"]
[TimeControl "180+1"]
[Date "2022.02.08"]
[WhiteClock "0:00:51"]
[BlackClock "0:00:18"]

1. d4 d5 2. c4 dxc4 3. Nf3 Nf6 4. e3 a6 5. Bxc4 e6 6. O-O c5 7. dxc5 Bxc5 8. Qxd8+ Kxd8 9. Nc3 Ke7 10. Nd2 b5 11. Be2 Bb7 12. Nb3 Bd6 13. Na5 Bc8 14. a4 b4 15. Nb1 Ra7 16. Nd2 Rc7 17. Ndb3 e5 18. Bd2 Be6 19. Rfd1 Rc2 20. Rab1 Rhc8 21. Bd3 R2c7 22. Be1 Nc6 23. Nxc6+ Rxc6 24. Na5 Rb6 25. b3 e4 26. Bf1 Be5 27. Nc4 Bxc4 28. Bxc4 a5 29. Kf1 Rcc6 30. h3 Rd6 31. Ke2 Nd7 32. Rbc1 f5 33. Bb5 Rxd1 34. Kxd1 Bd6 35. Rc8 Rb8 36. Rc6 Rb6 37. Rc8 Rb8 38. Rxb8 Bxb8 39. Bxd7 Kxd7 40. Ke2 h5 41. Bd2 Ke6 42. Bc1 Be5 43. Bd2 h4 44. Be1 g5 45. Bd2 Kd5 46. Be1 Bc3 47. Bd2 g4 48. Be1 Ke5 49. Bd2 Bxd2 50. Kxd2 Kd5 51. Ke2 Ke5 52. Kd2 Kd5 53. Ke1 Ke5 54. Kd2 1/2-1/2


[Site "https://www.chess.com"]

[Event "Early Titled Tuesday Blitz | February 8 2022"]
[White "Alghamdi, Ahmed M"]
[Black "Osmonbekov, Talaibek"]
[WhiteFideId "21500150"]
[BlackFideId "2017253"]
[WhiteElo "2110"]
[BlackElo "2135"]
[Result "1-0"]
[Round "09"]
[TimeControl "180+1"]
[Date "2022.02.08"]
[WhiteClock "0:00:57"]
[BlackClock "0:00:01"]

1. e4 c5 2. Nf3 d6 3. d4 cxd4 4. Qxd4 Nf6 5. Nc3 Nc6 6. Bb5 Bd7 7. Bxc6 Bxc6 8. Bg5 Qa5 9. Bxf6 gxf6 10. O-O-O O-O-O 11. Qc4 e6 12. Nd4 Qb6 13. f4 Kb8 14. f5 d5 15. exd5 Bxd5 16. Nxd5 Rxd5 17. Kb1 Ba3 18. Nb3 Rc8 19. Qe2 Rxf5 20. bxa3 a5 21. a4 Rf2 22. Qd3 Rxg2 23. Rd2 Rg4 24. Qd6+ Qxd6 25. Rxd6 Rxa4 26. Rd7 Rb4 27. Kb2 a4 28. Ka3 Rb6 29. Kxa4 Rxc2 30. Ka3 Ra6+ 31. Kb4 Rb6+ 32. Ka5 Ra6+ 33. Kb5 Rcxa2 34. Rhd1 Rb2 35. Rd8+ Ka7 36. R8d3 Rb6+ 37. Kc4 Rc6+ 38. Kb4 1-0


[Site "https://www.chess.com"]

[Event "Early Titled Tuesday Blitz | February 8 2022"]
[White "Alves Campelo, Danilo Cesar De L"]
[Black "Varney, Zoe"]
[WhiteFideId "2123657"]
[BlackFideId "436135"]
[WhiteElo "1994"]
[BlackElo "1808"]
[Result "0-1"]
[Round "09"]
[TimeControl "180+1"]
[Date "2022.02.08"]
[WhiteClock "0:00:02"]
[BlackClock "0:00:04"]

1. e4 e5 2. Nf3 Nc6 3. Bb5 a6 4. Ba4 Nf6 5. O-O Be7 6. c3 Nxe4 7. Re1 Nc5 8. Bxc6 dxc6 9. Nxe5 O-O 10. d4 Nd7 11. Nd2 Nxe5 12. Rxe5 Bd6 13. Re1 Qh4 14. g3 Qh3 15. Qf3 Bg4 16. Qg2 Qh5 17. f3 Bh3 18. Qf2 Rfe8 19. Rxe8+ Rxe8 20. Ne4 Bf8 21. Bf4 Qb5 22. Rd1 f5 23. Ng5 Re2 24. Nxh3 Rxf2 25. Nxf2 Qe2 26. Kg2 c5 27. Rd2 Qb5 28. dxc5 Bxc5 29. Nd3 Bb6 30. b3 Qd5 31. c4 Qc6 32. Ne5 Qe6 33. Re2 Qc8 34. Nd3 c6 35. Nb4 Kf7 36. Nc2 h6 37. Ne3 g5 38. Be5 Bc7 39. Bxc7 Qxc7 40. Nxf5 Kg6 41. Ne3 Qe5 42. h4 gxh4 43. gxh4 h5 44. Kf2 Qh2+ 45. Ng2 Kf5 46. Re7 b5 47. Ra7 bxc4 48. bxc4 Qd6 49. Rxa6 Qc5+ 50. Kg3 Qe5+ 51. Kf2 Qb2+ 52. Kg3 Qe5+ 53. f4 Qc3+ 54. Kf2 Qxc4 55. Ra5+ Ke4 56. Rxh5 Qxa2+ 57. Kg3 Qb3+ 58. Kg4 Qe6+ 59. Kg5 Qd5+ 60. Kh6 Qd6+ 61. Kg5 Kf3 62. Ne1+ Ke2 63. f5 Kxe1 64. f6 Qf8 65. Kg6 Kf2 0-1


[Site "https://www.chess.com"]